 Dungeon Crawl Stone Soup version 0.29.0 (webtiles) character file.

Game seed: 10537807733444279559

2702 Dorkslayer the Cleaver (level 9, -2/81 HPs)
             Began as a Hill Orc Fighter on Sept 17, 2022.
             Was an Initiate of Gozag.
             Slain by a manticore (9 damage)
             ... on level 7 of the Dungeon.
             The game lasted 00:17:17 (7265 turns).

Dorkslayer the Cleaver (Hill Orc Fighter)           Turns: 7265, Time: 00:17:18

Health: -2/81      AC: 18    Str: 21    XL:     9   Next: 65%
Magic:  9/9        EV:  6    Int:  8    God:    Gozag
Gold:   938        SH: 10    Dex: 12    Spells: 8/8 levels left

rFire   + . .      SeeInvis .   a - +0 war axe
rCold   + . .      Faith    .   c - +0 buckler
rNeg    . . .      Spirit   .   y - +0 plate armour
rPois   +          Reflect  +   (no helmet)
rElec   +          Harm     .   (no cloak)
rCorr   +          Rampage  .   (no gloves)
Will    .....      Clarity  +   (no boots)
Stlth   ..........              l - amulet of reflection
HPRegen 0.23/turn               v - +4 ring of protection
MPRegen 0.11/turn               (no ring)

@: mighty, brilliant, resistant, flying
A: iridescent scales 1, clarity
a: Renounce Religion, Potion Petition, Call Merchant, Bribe Branch


You were on level 7 of the Dungeon.
You worshipped Gozag.
Gozag was pleased with you.
You visited 2 branches of the dungeon, and saw 8 of its levels.
You also visited: Ossuary.

You collected 1042 gold pieces.
You spent 77 gold pieces at shops.
You paid 27 gold pieces to Gozag.

Inventory:

Hand Weapons
 a - a +0 war axe (weapon)
 o - a +0 war axe
Missiles
 f - a throwing net
 s - 2 curare-tipped darts (quivered)
 w - 10 javelins
Armour
 c - a +0 buckler (worn)
 y - a +0 plate armour (worn)
Jewellery
 l - an amulet of reflection (around neck)
 v - a +4 ring of protection (left hand)
Wands
 x - a wand of mindburst (7)
 D - a wand of iceblast (7)
Scrolls
 e - a scroll of teleportation
 i - 3 scrolls of vulnerability {unknown}
 j - 3 scrolls of torment {unknown}
 n - 2 scrolls of amnesia {unknown}
 r - 3 scrolls of poison {unknown}
 u - 3 scrolls of noise {unknown}
 A - 2 scrolls of butterflies {unknown}
 B - 2 scrolls of identify
 C - a scroll of enchant weapon {unknown}
 E - 2 scrolls of fear {unknown}
Potions
 d - 2 potions of might
 m - 3 potions of magic
 q - 4 potions of flight


   Skills:
 * Level 8.1 Fighting
 + Level 10.3 Axes
 * Level 3.6 Throwing
 + Level 5.7 Armour
 + Level 2.5 Dodging
 + Level 0.7 Stealth
 + Level 5.5 Shields
 * Level 2.0 Evocations


You had 8 spell levels left.
You didn't know any spells.
Your spell library contained the following spells:

 Spells                   Type           Power      Damage    Failure   Level
 Sandblast                Erth           0%         2d4       100%        1
 Passwall                 Tmut/Erth      0%         N/A       100%        2
 Conjure Flame            Conj/Fire      0%         6-21      100%        3
 Gell's Gravitas          Tloc           0%         N/A       100%        3
 Ignite Poison            Fire/Tmut/Pois 0%         N/A       100%        3
 Lesser Beckoning         Tloc           0%         N/A       100%        3
 Stone Arrow              Conj/Erth      0%         3d7       100%        3
 Teleport Other           Tloc           0%         N/A       100%        3
 Sticky Flame             Conj/Fire      0%         2d3       100%        4


Dungeon Overview and Level Annotations

Branches:
Dungeon (7/15)             Temple (1/1) D:4         Ossuary (visited)

Altars:
Ashenzari
Cheibriados
Dithmenos
Elyvilon
Fedhas
Gozag
Hepliaklqana
Makhleb
Okawaru
Qazlal
Sif Muna
Trog
Vehumet
Xom
Yredelemnul
The Shining One

Shops:
D:2 ?   D:4 [:?:(


Innate Abilities, Weirdness & Mutations

You are partially covered in iridescent scales. (AC +2)
You possess an exceptional clarity of mind.


Message History

Things that are here:
10 gold pieces; a +0 club; a scroll labelled ZIERIDY XUCIE The manticore flicks its tail.
The volley of spikes hits you.
The barbed spikes become lodged in your body.
The kobold demonologist hits you but does no damage.
You completely miss the kobold demonologist.
The kobold demonologist hits you but does no damage.
You slash the kobold demonologist!
The kobold demonologist is moderately wounded.
The kobold demonologist is distracted by your dazzling golden aura.
You closely miss the kobold demonologist.
The kobold demonologist is no longer distracted by gold.
The kobold demonologist is moderately wounded.
You slash the manticore! You block the manticore's attack. x2
The manticore barely misses you.
The kobold demonologist mumbles some strange words.
You hit the manticore.
The manticore is moderately wounded.
You slash the kobold demonologist! The manticore bites you!!
* * * LOW HITPOINT WARNING * * *
The manticore barely misses you.
The manticore claws you but does no damage.
You block the kobold demonologist's attack.
You hit the manticore.
The manticore is moderately wounded.
You slash the kobold demonologist!
You carefully extract the barbed spikes from your body.
The hellwing swoops through the air toward you!
You block the hellwing's attack. The hellwing hits you.
* * * LOW HITPOINT WARNING * * *
The manticore barely misses you. You block the manticore's attack. x2
The kobold demonologist casts a spell.
You slash the manticore!
The manticore is severely wounded.
You slash the hellwing!
You barely miss the kobold demonologist.
The hellwing barely misses you. x2; The manticore bites you!
You die...
Your body crumbles into a pile of gold.

#...#.. #.########.
##..## . ##..........
....# ..#
##...######## ...##
#...##.....# .###
####.......## ## #.
##..###....##
#.#..#..###...###
#}.$###..###.!.###
##.4@K###..###...#
#..#.#H..###...##.#
#.###.#.3..[####...##
.. #.#..$)###......#
#. #.#..###...####.#
# #.####.....# #.#
####....#..####.###
#...##.#..........
...........###.###


You could see a manticore, a hellwing (summoned), a kobold demonologist and a
neqoxec (summoned).

Vanquished Creatures
  A troll (D:7)
  2 shadows
  A steam dragon (D:7)
  Menkaure (Ossuary)
  A water moccasin (D:6)
  2 sky beasts (D:7)
  2 black bears
  A kobold brigand (D:6)
  A bullfrog (D:7)
  A gnoll sergeant (D:6)
  5 scorpions
  3 jellies
  3 orc priests
  7 hounds
  6 iguanas
  2 orc wizards
  3 mummies (Ossuary)
  9 gnolls (D:6)
  12 adders
  A white imp (D:6)
  A worm (D:3)
  16 orcs
  6 endoplasms
  2 giant cockroaches
  3 gnoll zombies (Ossuary)
  14 goblins
  9 hobgoblins
  4 jackals (D:1)
  13 kobolds
  3 quokkas
  A ball python (D:4)
  7 bats
  3 frilled lizards
  3 gnoll skeletons (Ossuary)
  5 goblin skeletons (Ossuary)
  5 goblin zombies (Ossuary)
  8 hobgoblin skeletons (Ossuary)
  3 hobgoblin zombies (Ossuary)
  4 kobold skeletons (Ossuary)
  3 kobold zombies (Ossuary)
  3 orc skeletons (Ossuary)
  4 orc zombies (Ossuary)
  3 rats
  2 rat skeletons (Ossuary)
  7 rat zombies (Ossuary)
196 creatures vanquished.

Vanquished Creatures (others)
  9 fungi (D:6)
9 creatures vanquished.

Grand Total: 205 creatures vanquished

Notes
Turn   | Place    | Note
-------+----------+-------------------------------------------
     0 | D:1      | Dorkslayer the Hill Orc Fighter began the quest for the
                  | Orb.
     0 | D:1      | Reached XP level 1. HP: 19/19 MP: 1/1
    89 | D:1      | Reached XP level 2. HP: 26/27 MP: 2/2
   423 | D:1      | Reached skill level 3 in Axes
   565 | D:1      | Reached XP level 3. HP: 33/33 MP: 3/3
  1332 | D:2      | Found Tusol's Magic Scroll Shoppe.
  1364 | D:2      | Bought a scroll of identify for 28 gold pieces
  1377 | D:2      | Found a faded altar of an unknown god.
  1710 | D:2      | Reached skill level 1 in Dodging
  1710 | D:2      | Reached XP level 4. HP: 34/40 MP: 4/4
  2094 | D:3      | Reached skill level 4 in Axes
  2114 | D:3      | Reached XP level 5. HP: 22/47 MP: 5/5
  2743 | D:4      | Reached skill level 5 in Fighting
  2743 | D:4      | Reached skill level 5 in Axes
  2743 | D:4      | Reached XP level 6. HP: 47/56 MP: 6/6
  2771 | D:4      | Found Vojoel's Armour Shop.
  2865 | D:4      | Found a blossoming altar of Fedhas.
  2916 | D:4      | Found a staircase to the Ecumenical Temple.
  2928 | Temple   | Entered the Ecumenical Temple
  3002 | Temple   | Became a worshipper of Gozag Ym Sagoz the Greedy
  3044 | D:4      | Found Ufimieti's Weapon Emporium.
  3052 | D:4      | Bought 2 curare-tipped darts for 13 gold pieces
  3062 | D:4      | Found Busom's Book Shoppe.
  3100 | D:4      | Found Qiydiyd's Magic Scroll Boutique.
  3111 | D:4      | Reached skill level 6 in Axes
  3118 | D:4      | Bought a scroll of teleportation for 36 gold pieces
  3141 | D:4      | Found Agotuacot's Book Emporium.
  3338 | D:5      | Entered Level 5 of the Dungeon
  3338 | D:5      | Noticed a black bear
  3348 | D:4      | Killed a black bear
  3349 | D:4      | Reached XP level 7. HP: 50/61 MP: 7/7
  3517 | D:5      | Reached skill level 1 in Throwing
  3725 | D:5      | Reached skill level 7 in Axes
  4372 | D:5      | Reached XP level 8. HP: 34/70 MP: 8/8
  5075 | D:6      | Found a shadowy altar of Dithmenos.
  5076 | D:6      | Found a hazy altar of Hepliaklqana.
  5077 | D:6      | Noticed a shadow
  5357 | D:6      | Noticed a shadow
  5372 | D:6      | Killed a shadow
  5556 | D:6      | Reached skill level 8 in Axes
  5556 | D:6      | Reached skill level 5 in Armour
  5696 | D:6      | Found a white marble altar of Elyvilon.
  6017 | D:6      | Reached skill level 9 in Axes
  6017 | D:6      | Reached skill level 5 in Shields
  6370 | D:7      | Reached XP level 9. HP: 74/79 MP: 9/9
  6380 | D:7      | Found a sand-covered staircase.
  6389 | Ossuary  | Entered an ossuary
  6776 | Ossuary  | Noticed Menkaure
  6783 | Ossuary  | Killed Menkaure
  7021 | D:7      | Reached skill level 1 in Evocations
  7210 | D:7      | Noticed a troll
  7212 | D:7      | Reached skill level 10 in Axes
  7219 | D:7      | Killed a troll
  7224 | D:7      | Noticed a kobold demonologist
  7230 | D:7      | Gained mutation: You are partially covered in iridescent
                  | scales. (AC +2) [potion of mutation]
  7230 | D:7      | Gained mutation: You possess an exceptional clarity of
                  | mind. [potion of mutation]
  7258 | D:7      | Noticed a manticore
  7263 | D:7      | Noticed a hellwing
  7265 | D:7      | Slain by a manticore

Illustrated notes

Levels and vault maps discovered:
D:1:      mainiacjoe_arrival_reflecting_pool, layout_basic
D:2:      minmay_general_purpose_star, layout_basic,
          ebering_ecumenical_altar_ruins, serial_shops,
          nicolae_shop_hallway_plus
D:3:      layout_rooms, st_stairs_7
D:4:      layout_cave_pools, fedhas_ov_isle_minmay, minmay_temple_entry_mist,
          serial_shops, shop, nicolae_shop_statue_plus, nicolae_shop_waterfront,
          shop, kennysheep_little_box
D:5:      layout_layer_cave, reono_crystal_passage, kennysheep_small_square
D:6:      layout_loops_corners, mainiacjoe_overflow_cross_hatched,
          riverfiend_overflow_shadow_ancestor
D:7:      minmay_the_grid_four_pointed_star
          [minmay_the_grid_triangle_9x9_odd_lines,
          minmay_the_grid_triangle_9x9_cache,
          minmay_the_grid_triangle_9x9_corrupted_corridor,
          minmay_the_grid_triangle_9x9_thin_v, minmay_the_grid_prize_trominoes],
          layout_loops_corners, nicolae_ossuary_entry_ruins
Temple:   eino_temple_scatter_basement

Skill      XL: |  1  2  3  4  5  6  7  8  9 |
---------------+----------------------------+-----
Fighting       | 4 5 6 7 8 |  8.1
Axes           | 3 4 5 6 7 9 10 | 10.3
Dodging        | 1 2 |  2.5
Armour         | 4 5 |  5.7
Throwing       | 1 3 |  3.6
Shields        | 4 5 |  5.5
Evocations     | 2 |  2.0
Stealth        | |  0.7

Action                   |  1- 3 |  4- 6 |  7- 9 || total
-------------------------+-------+-------+-------++-------
Melee: War axe           |   117 |   130 |   360 ||   607
  Use: Scroll            |       |     2 |     2 ||     4
       Potion            |       |     3 |    12 ||    15
 Stab: Distracted        |       |       |     1 ||     1
       Invisible         |       |       |     1 ||     1
Armor: Scale mail        |    51 |    56 |    46 ||   153
       Skin              |       |     1 |       ||     1
       Plate armour      |       |       |    81 ||    81
Dodge: Dodged            |    60 |    49 |    81 ||   190
Block: Buckler           |    43 |    84 |   140 ||   267
       Reflection        |     2 |       |     2 ||     4
